 Dungeon Crawl Stone Soup version 0.25-a0-413-g3b4b6a4ccc (webtiles) character file.

Game seed: 16085345254435365909, levelgen mode: deterministic

2247 MisterFreud the Carver (level 9, -2/81 HPs)
             Began as a Minotaur Chaos Knight on Jan 14, 2020.
             Was a Plaything of Xom.
             Slain by Harold
             ... wielding a +0 halberd of freezing
              (6 damage)
             ... on level 7 of the Dungeon.
             The game lasted 00:09:05 (4515 turns).

MisterFreud the Carver (Minotaur Chaos Knight)      Turns: 4515, Time: 00:09:06

Health: -2/81      AC:  7    Str: 20 (21) XL:     9   Next: 15%
Magic:  11/11      EV: 11    Int:  9      God:    Xom [.....*]
Gold:   216        SH:  0    Dex:  9      Spells: 8/8 levels left

rFire    . . .     SeeInvis +   a - +0 falchion (chaos)
rCold    . . .     Gourm    .   (no shield)
rNeg     . . .     Faith    .   b - +2 leather armour
rPois    .         Spirit   .   (helmet restricted)
rElec    .         Reflect  .   (no cloak)
rCorr    .         Harm     .   (no gloves)
MR       .....                  (no boots)
Stlth    ++........             (no amulet)
HPRegen  0.23/turn              f - ring of see invisible
MPRegen  0.12/turn              v - ring of stealth

@: no status effects
A: retaliatory headbutt, horns 2, yellow scales 1, deterioration 1, sense
surroundings 1, screaming 1, wild magic 1
a: Renounce Religion


You were on level 7 of the Dungeon.
You worshipped Xom.
You were Xom's teddy bear.
You were hungry.

You visited 1 branch of the dungeon, and saw 7 of its levels.

You collected 216 gold pieces.

Inventory:

Hand Weapons
 a - a +0 falchion of chaos (weapon)
Armour
 b - a +2 leather armour (worn)
Jewellery
 f - a ring of see invisible (left hand)
 u - an uncursed ring of fire
 v - a ring of stealth (right hand)
Wands
 k - a wand of digging (4)
 r - a wand of enslavement (7)
Scrolls
 e - 7 scrolls of remove curse
 i - 2 scrolls of random uselessness {unknown}
 j - 3 scrolls of identify
 l - 2 scrolls of fear {unknown}
 m - a scroll of enchant armour {unknown}
 p - a scroll of magic mapping {unknown}
 s - a scroll of teleportation {unknown}
 y - a scroll of amnesia {unknown}
Potions
 d - 4 potions of heal wounds
 g - 2 potions of mutation
 h - 3 potions of haste
 n - 3 potions of flight
 o - a potion of might
 q - 2 potions of ambrosia
 t - 4 potions of degeneration
 w - a potion of resistance
 x - a potion of agility
 A - a potion of cancellation
 B - a potion of curing
Comestibles
 c - 10 rations
 z - 5 chunks of flesh


   Skills:
 + Level 8.0 Fighting
 - Level 10.0 Long Blades
 - Level 6.5 Armour
 - Level 1.1 Dodging
 - Level 4.4 Evocations


You had 8 spell levels left.
You didn't know any spells.
Your spell library was empty.

Dungeon Overview and Level Annotations

Branches:
Dungeon (7/15)             Temple (0/1) D:5

Altars:
Kikubaaqudgha
Xom

Shops:
D:5 :

Annotations:
D:7 Harold


Innate Abilities, Weirdness & Mutations

You reflexively headbutt those who attack you in melee.
You have a pair of horns on your head.
You are partially covered in yellow scales. (AC +2)
Your body sometimes deteriorates upon taking damage.
You passively map a small area around you.
You occasionally shout uncontrollably at your foes.
Your spells are a little harder to cast, but a little more powerful.


Message History

Harold says, "Ah, this is what I got into this business for!"
Harold throws a throwing net.
The throwing net barely misses you.
Found 15 arrows.
A bullfrog comes into view.
Found a ring mail and 17 gold pieces. "Heh heh heh..."
Harold looks rather confused.
The bullfrog looks rather confused.
Harold drinks a potion.
Harold seems less confused.
You barely miss Harold.
Harold hits you with a +0 halberd of freezing!
Harold freezes you!
The bullfrog gives a loud, deep croak!
You hit Harold but do no damage.
Harold looks slightly unstable.
You hit Harold.
Harold goes berserk!
Harold is lightly wounded.
Harold hits you with a +0 halberd of freezing!!
* * * LOW HITPOINT WARNING * * *
Harold freezes you.
You die...
Xom bursts into laughter!

, #. #.............
#.##....F........ ,
#...............#*
#...............#
#...............# #
#..............$# , #.
#(.............[#
,#.###...(....@@.....#
#...................#
#......รท............#
, #...................#
,,#.###.............(.#
,, #...............# ,
, #...............# ,*
* #.).............# ,*
#(########## *


You could see Harold (berserk) and a bullfrog (confused).

Vanquished Creatures
  Pikel (D:4)
  Eustachio (D:6)
  A wyvern (D:7)
  An ogre (D:4)
  2 phantoms (D:6)
  3 centaurs
  Blork the orc (D:6)
  A wyvern skeleton (D:5)
  2 scorpions
  A killer bee (D:7)
  A howler monkey (D:7)
  A crimson imp (D:5)
  2 jellies
  3 hounds
  An orc priest (D:4)
  3 iguanas
  3 worker ants
  Natasha (thrice) (D:2)
  A hound skeleton (D:4)
  A worker ant zombie (D:6)
  A howler monkey skeleton (D:6)
  7 adders
  4 gnolls (D:6)
  A shadow imp (D:6)
  2 oozes (D:1)
  An adder zombie (D:7)
  An adder skeleton (D:5)
  A worm (D:3)
  4 dart slugs (D:1)
  2 leopard geckos
  8 orcs
  A ball python (D:6)
  7 giant cockroaches
  7 goblins
  12 hobgoblins
  5 jackals
  A quokka (D:3)
  5 bats
  4 frilled lizards
  7 kobolds
  2 quokka skeletons
  2 quokka zombies
  10 rats
128 creatures vanquished.

Vanquished Creatures (others)
  A sky beast (D:5)
  A killer bee (D:7)
  A jackal (D:5)
  A kobold (D:2)
4 creatures vanquished.

Grand Total: 132 creatures vanquished

Notes
Turn   | Place    | Note
-------+----------+-------------------------------------------
     0 | D:1      | MisterFreud the Minotaur Chaos Knight began the quest for
                  | the Orb.
     0 | D:1      | Reached XP level 1. HP: 19/19 MP: 0/0
     9 | D:1      | XOM: divination: magic mapping
   106 | D:1      | Reached XP level 2. HP: 28/28 MP: 1/1
   156 | D:1      | XOM: fake destruction
   361 | D:1      | Reached skill level 5 in Fighting
   362 | D:1      | XOM: divination: detect creatures
   406 | D:1      | Reached XP level 3. HP: 35/36 MP: 2/2
   458 | D:1      | XOM: confuse monster(s)
   624 | D:1      | XOM: give mutations
   624 | D:1      | Gained mutation: You are weak. (Str -2) [Xom's mischief]
   624 | D:1      | Lost mutation: You are weak. (Str -2) [Xom's mischief]
   624 | D:1      | Gained mutation: You occasionally shout uncontrollably at
                  | your foes. [Xom's mischief]
   624 | D:1      | Gained mutation: Your body sometimes deteriorates upon
                  | taking damage. [Xom's mischief]
   976 | D:2      | Noticed Natasha
   980 | D:2      | Killed Natasha
   980 | D:2      | Reached XP level 4. HP: 44/44 MP: 3/3
  1075 | D:2      | XOM: harmless Air miscast
  1105 | D:2      | Noticed Natasha
  1109 | D:2      | XOM: enchant monster (good)
  1112 | D:2      | Killed Natasha
  1378 | D:2      | Noticed Natasha
  1382 | D:2      | XOM: divination: detect creatures
  1383 | D:2      | Killed Natasha
  1401 | D:2      | Reached XP level 5. HP: 52/52 MP: 4/4
  2408 | D:4      | Reached XP level 6. HP: 60/61 MP: 5/5
  2580 | D:5      | Entered Level 5 of the Dungeon
  2580 | D:5      | Found Xazxac's Book Shoppe.
  2583 | D:5      | Noticed a slave
  2583 | D:5      | Noticed a slave
  2588 | D:4      | Reached skill level 4 in Long Blades
  2612 | D:5      | XOM: swap monsters
  2654 | D:5      | XOM: confuse monster(s)
  2655 | D:5      | Found a staircase to the Ecumenical Temple.
  2659 | D:5      | XOM: mild Chrm miscast
  2673 | D:5      | Reached skill level 5 in Long Blades
  2673 | D:5      | Reached XP level 7. HP: 42/68 MP: 6/6
  2931 | D:5      | Noticed Pikel
  2933 | D:5      | XOM: potion effect (haste)
  3003 | D:4      | Killed Pikel
  3003 | D:4      | Reached skill level 7 in Long Blades
  3003 | D:4      | Reached XP level 8. HP: 56/74 MP: 7/7
  3003 | D:4      | XOM: mild Hex miscast
  3247 | D:5      | XOM: destruction
  3253 | D:5      | Reached skill level 8 in Long Blades
  3260 | D:5      | XOM: repel stairs
  3387 | D:5      | XOM: stat loss: -1 Str (19/20)
  3614 | D:5      | Noticed Edmund
  3617 | D:5      | Noticed Edmund
  3617 | D:5      | Edmund changed into Edmund the jelly
  3617 | D:5      | XOM: polymorph Edmund -> Edmund the jelly
  3619 | D:5      | Killed Edmund the jelly
  3689 | D:6      | XOM: confuse monster(s)
  3695 | D:6      | XOM: summons friendly crimson imp
  3696 | D:6      | Reached skill level 9 in Long Blades
  3704 | D:6      | XOM: give mutations
  3704 | D:6      | Gained mutation: Your spells are a little harder to cast,
                  | but a little more powerful. [Xom's grace]
  3704 | D:6      | Gained mutation: You passively map a small area around you.
                  | [Xom's grace]
  3704 | D:6      | Gained mutation: You are partially covered in yellow
                  | scales. (AC +2) [Xom's grace]
  3711 | D:6      | Noticed Eustachio
  3743 | D:6      | Killed Eustachio
  3743 | D:6      | Reached skill level 10 in Long Blades
  3813 | D:6      | Reached skill level 1 in Evocations
  3815 | D:6      | XOM: scenery: create altars
  3830 | D:6      | Noticed Blork the orc
  3835 | D:6      | Killed Blork the orc
  4047 | D:6      | Found an ancient bone altar of Kikubaaqudgha.
  4362 | D:7      | XOM: polymorph howler monkey -> hound
  4373 | D:7      | Reached XP level 9. HP: 64/81 MP: 10/10
  4381 | D:7      | XOM: destruction
  4506 | D:7      | Noticed Harold
  4512 | D:7      | XOM: confuse monster(s)
  4515 | D:7      | HP: 4/81 [Harold/+0 halberd of freezing (26)]
  4515 | D:7      | Slain by Harold

Levels and vault maps discovered:
D:1:      onia_arrival_mini_spirals, layout_basic
D:2:      layout_basic, serial_glass, glass_columns_a, glass_columns_b,
          due_unseen_surprise, item_on_display_b, minmay_strange_pillars,
          minmay_fractal_squares_gapless_5, uniq_natasha
D:3:      layout_loops_cross, first_ration
D:4:      layout_basic
D:5:      layout_rooms, minmay_temple_entry_statues_fountains, serial_shops,
          shop, uniq_edmund, uniq_pikel
D:6:      layout_basic, kiku_gazebo_garden_becter, minivault_5,
          grunt_ministairs_2, uniq_blork_the_orc, uniq_eustachio
D:7:      layout_basic, grunt_livestock, makhleb_heckhound_becter,
          uniq_prince_ribbit1, uniq_harold, uniq_joseph

Skill      XL: |  1  2  3  4  5  6  7  8  9 |
---------------+----------------------------+-----
Fighting       | 4 5 6 7 8 |  8.0
Long Blades    | 5 7 10 | 10.0
Armour         | 4 6 |  6.5
Evocations     | 3 4 |  4.4
Dodging        | |  1.1

Action                   |  1- 3 |  4- 6 |  7- 9 || total
-------------------------+-------+-------+-------++-------
Melee: Falchion          |    60 |   135 |   180 ||   375
       Headbutt          |    11 |    21 |    31 ||    63
  Use: Scroll            |       |       |    10 ||    10
 Stab: Paralysed         |     2 |     2 |       ||     4
       Confused          |     1 |     2 |     1 ||     4
       Sleeping          |       |     1 |     3 ||     4
       Petrified         |       |     3 |       ||     3
       Petrifying        |       |     1 |     1 ||     2
  Eat: Chunk             |       |     6 |     5 ||    11
Armor: Leather armour    |    20 |    37 |    35 ||    92
Dodge: Dodged            |    34 |    82 |    91 ||   207
       Rpst.: Falchion   |    11 |    18 |    25 ||    54

Table legend:
 A = Non-vault XP
 B = Vault XP
 C = Vault XP percentage of total XP
 D = Non-vault monster count
 E = Vault monster count
 F = Vault count percentage of total count
                 A         B        C        D         E       F
            +---------+---------+-------+---------+---------+-------
      Total |    2098 |    1113 |  34.7 |     117 |      13 |  10.0
            +---------+---------+-------+---------+---------+-------
        D:1 |      62 |       0 |   0.0 |      26 |       0 |   0.0
        D:2 |     105 |      39 |  27.1 |      11 |       4 |  26.7
        D:3 |      50 |       0 |   0.0 |      26 |       0 |   0.0
        D:4 |     322 |     663 |  67.3 |      12 |       1 |   7.7
        D:5 |     653 |      45 |   6.4 |      22 |       1 |   4.3
        D:6 |     470 |     366 |  43.8 |      13 |       7 |  35.0
        D:7 |     436 |       0 |   0.0 |       7 |       0 |   0.0
            +---------+---------+-------+---------+---------+-------
